 Dungeon Crawl Stone Soup version 0.30-a0-576-g89cddaab80 (webtiles) character file.

Game seed: 10745719408214068804

90 wormed the Shooter (level 4, 0/23 HPs)
             Began as a Spriggan Hunter on Dec 31, 2022.
             Killed by nerve-wracking pain
             ... invoked by an orc priest
              (10 damage)
             ... on level 2 of the Dungeon.
             The game lasted 00:01:07 (1334 turns).

wormed the Shooter (Spriggan Hunter)                Turns: 1334, Time: 00:01:07

Health: 0/23       AC:  2    Str:  7    XL:     4   Next: 32%
Magic:  5/5        EV: 19    Int: 10    God:
Gold:   67         SH:  0    Dex: 20    Spells: 3/3 levels left

rFire   . . .      SeeInvis +    a - +0 shortbow
rCold   . . .      Faith    .    (shield currently unavailable)
rNeg    . . .      Spirit   .    c - +0 robe
rPois   .          Reflect  .    (helmet restricted)
rElec   .          Harm     .    (no cloak)
rCorr   .          Rampage  .    (gloves unavailable)
Will    .....                    (boots unavailable)
Stlth   +++                      (no amulet)
HPRegen 0.23/turn                (no ring)
MPRegen 0.09/turn                (no ring)

@: very quick
A: very small, no large weapons, unfitting armour, see invisible, speed 3
a: no special abilities


You were on level 2 of the Dungeon.
You visited 1 branch of the dungeon, and saw 3 of its levels.

You collected 67 gold pieces.

Inventory:

Hand Weapons
 a - a +0 shortbow (weapon)
Armour
 c - a +0 robe (worn)
Scrolls
 b - a scroll of immolation
 g - a scroll of enchant armour {unknown}
 h - 3 scrolls of identify {unknown}
 j - 2 scrolls of teleportation {unknown}
Potions
 d - 2 potions of degeneration {unknown}
 e - 2 potions of haste {unknown}
 f - 2 potions of mutation {unknown}
 i - a potion of flight {unknown}
 k - 4 potions of magic {unknown}


   Skills:
 + Level 2.1 Fighting
 * Level 4.8 Ranged Weapons
 + Level 3.6 Dodging
 + Level 3.1 Stealth


You had 3 spell levels left.
You didn't know any spells.
Your spell library was empty.

Dungeon Overview and Level Annotations

Branches:
Dungeon (3/15)

Altars:


Innate Abilities, Weirdness & Mutations

You are very small and have problems with some larger weapons.
You are too small for most types of armour.
You have supernaturally acute eyesight. (SInv)
You cover ground extremely quickly. (Speed+++)


Message History

You shoot an arrow. The arrow hits the orc.
The orc is lightly wounded.
An orc comes into view. It is wielding a +0 flail.
You shoot an arrow. The arrow hits the orc.
You kill the orc!
You shoot an arrow. The arrow hits the hobgoblin!
You kill the hobgoblin!
An orc priest comes into view. It is wielding a +0 flail.
You shoot an arrow. The arrow barely misses the orc.
An orc comes into view. It is wielding a +0 war axe.
You shoot an arrow. The orc shouts!
The arrow hits the orc.
The orc is lightly wounded.
An orc wizard comes into view. It is wielding a +5 dagger.
You shoot an arrow. The orc wizard shouts!
The arrow hits the orc but does no damage.
The orc is lightly wounded.
You shoot an arrow. The arrow hits the orc!
You kill the orc!
You shoot an arrow.
The arrow closely misses the orc priest.
The arrow completely misses the orc wizard.
The orc priest misses you.
The orc priest mumbles some strange prayers to Beogh against you.
Beogh smites you!
Ouch! That really hurt!
You climb upwards.
There is a stone staircase leading down here.
You are too injured to fight recklessly!
You are too injured to fight recklessly!
You are too injured to fight recklessly!
You are too injured to fight recklessly!
You are too injured to fight recklessly!
You shoot an arrow.
The arrow closely misses the orc priest.
The orc priest mumbles some strange prayers to Beogh against you.
Pain shoots through your body!
You die...

#.#...................#
#.........#####.....#.##########
###.......# #.###..<...........
#.......# #.# #..#.#########.
#.......# #.###.##.# ####.
#.......# ##)...##.# #....
#.......# #.......# #.###
####.#### ##.....## #.# #.#.##
##@......## ##.###
#....####.o.......####.....
#.......'.........'........
#....####.........####.>.##
#.#.## ##.......## ##)...
#.##### ##.....## #.##. #.....#
##...## #.##. #####.# ##'##
#.##. #.# #.# #....


You could see an orc priest.

Vanquished Creatures
  3 gnolls (D:2)
  An adder (D:2)
  An ufetubus (D:2)
  A worm (D:2)
  A dart slug (D:2)
  3 orcs
  A bat (D:1)
  2 endoplasms (D:2)
  3 giant cockroaches
  8 goblins
  4 hobgoblins
  4 quokkas
  2 ball pythons
  A frilled lizard (D:2)
  A kobold (D:1)
  A rat (D:1)
37 creatures vanquished.

Notes
Turn   | Place    | Note
-------+----------+-------------------------------------------
     0 | D:1      | wormed the Spriggan Hunter began the quest for the Orb.
     0 | D:1      | Reached XP level 1. HP: 10/10 MP: 2/2
   231 | D:1      | Reached XP level 2. HP: 15/15 MP: 3/3
   557 | D:2      | Reached XP level 3. HP: 12/18 MP: 4/4
   805 | D:2      | Reached XP level 4. HP: 23/23 MP: 5/5
  1215 | D:2      | Found a faded altar of an unknown god.
  1334 | D:2      | Killed from afar by an orc priest

Illustrated notes

Levels and vault maps discovered:
D:1:      psy_arrival_terrarium, layout_basic
D:2:      layout_loops_corners, shapermc_ecumenical_altar_mp_urbaneastern
D:3:      layout_rooms, nicolae_ru_path_of_blood,
          hangedman_decor_clover_reticule, uniq_robin

Skill      XL: |  1  2  3 |
---------------+----------+-----
Stealth        | 2 3 |  3.1
Dodging        | 3 |  3.6
Fighting       | 2 |  2.1
Ranged Weapons | |  4.8

Action                   |  1- 3 |  4- 6 || total
-------------------------+-------+-------++-------
 Fire: Shortbow          |    84 |    21 ||   105
Dodge: Dodged            |    29 |     4 ||    33

Table legend: (Time is in decaauts)
 A = Elapsed time spent in this place.
 B = Non-inter-level travel time spent in this place.
 C = Inter-level travel time spent in this place.
 D = Time resting spent in this place.
 E = Time spent auto-exploring this place.
 F = Levels seen in this place.
 G = Mean time per level.
                   A        B        C        D        E       F      G
               +--------+--------+--------+--------+--------+-----+--------+
         Total |    908 |    885 |     23 |      0 |    705 |   3 |  302.7 |
       Dungeon |    908 |    885 |     23 |      0 |    705 |   3 |  302.7 |
               +--------+--------+--------+--------+--------+-----+--------+

Top non-repeatable levels by time:
     D:2: 605 daAuts
     D:1: 290 daAuts
     D:3: 13 daAuts
